 Dungeon Crawl Stone Soup version 0.24.0-123-gd5b16e6ec5 (webtiles) character file.

Game seed: 3229675647276998442, levelgen mode: deterministic

681 Goreval the Sneak (level 7, -13/61 HPs)
             Began as a Naga Enchanter on Dec 18, 2019.
             Was an Initiate of Wu Jian.
             Mangled by an ogre
             ... wielding a +0 giant club
              (18 damage)
             ... on level 6 of the Dungeon.
             The game lasted 00:16:22 (5506 turns).

Goreval the Sneak (Naga Enchanter)                  Turns: 5506, Time: 00:16:22

Health: -13/61     AC:  7    Str: 10    XL:     7   Next: 61%
Magic:  1/10       EV:  9    Int: 17    God:    Wu Jian [......]
Gold:   308        SH:  0    Dex: 12    Spells: 1/10 levels left

rFire    + . .     SeeInvis +   y - +2 dagger (venom)
rCold    + . .     Gourm    .   (no shield)
rNeg     . . .     Faith    .   C - +1 leather armour {rF+}
rPois    +         Spirit   .   (no helmet)
rElec    .         Reflect  .   p - +0 cloak
rCorr    .         Harm     .   t - +1 pair of gloves
MR       .....                  (no barding)
Stlth    +++.......             A - amulet of the acrobat
HPRegen  0.20/turn              m - ring of protection from cold
MPRegen  0.12/turn              (no ring)

@: very slightly contaminated, invisible, very slow
A: large, see invisible, deformed body, poison resistance, slowness 2, slow
metabolism 1, spit poison 1, AC +2
a: Spit Poison, Renounce Religion


You were on level 6 of the Dungeon.
You worshipped Wu Jian.
Wu Jian was noncommittal.
You were very hungry.

You visited 2 branches of the dungeon, and saw 7 of its levels.

You collected 308 gold pieces.

Inventory:

Hand Weapons
 r - a +0 rapier
 y - a +2 dagger of venom (weapon)
Missiles
 l - 99 stones (quivered)
 v - 2 throwing nets
Armour
 b - a +0 robe
 p - a +0 cloak (worn)
 t - a +1 pair of gloves (worn)
 C - a +1 leather armour of fire resistance (worn)
Magical Staves
 z - an uncursed staff of summoning
Jewellery
 m - a ring of protection from cold (left hand)
 A - an amulet of the acrobat (around neck)
Wands
 w - a wand of paralysis (2)
 x - a wand of flame (25)
 B - a wand of polymorph (8)
 D - a wand of digging (5)
Scrolls
 a - 5 scrolls of teleportation
 e - a scroll of identify
 f - 3 scrolls of fog
 j - 2 scrolls of magic mapping
 n - 2 scrolls of enchant armour
Potions
 g - a potion of heal wounds {unknown}
 h - a potion of mutation {unknown}
 i - 3 potions of might
 k - 2 potions of degeneration {unknown}
 o - a potion of resistance {unknown}
 q - 2 potions of flight {unknown}
 u - a potion of lignification
Comestibles
 d - 12 rations


   Skills:
 + Level 2.6 Fighting
 * Level 4.4 Short Blades
 - Level 2.0 Dodging
 + Level 7.9 Stealth
 * Level 2.4 Spellcasting
 * Level 4.7 Hexes


You had one spell level left.
You knew the following spells:

 Your Spells              Type           Power        Failure   Level  Hunger
a - Ensorcelled Hibernat  Hex/Ice        ##....       14%         2    ##.....
b - Confuse               Hex            ###.....     11%         3    ###....
c - Dazzling Spray        Conj/Hex       ##....       28%         3    ###....
o - Corona                Hex            ###....      3%          1    #......

Your spell library contained the following spells:

 Spells                   Type           Power        Failure   Level  Hunger
 Tukima's Dance           Hex            ###.....     11%         3    ###....


Dungeon Overview and Level Annotations

Branches:
Dungeon (6/15)             Temple (1/1) D:5

Altars:
Ashenzari
Cheibriados
Dithmenos
Elyvilon
Fedhas
Gozag
Kikubaaqudgha
Makhleb
Nemelex Xobeh
Qazlal
Ru
Sif Muna
Trog
Uskayaw
Vehumet
Wu Jian
Xom
Zin
The Shining One

Annotations:
D:4 exclusion: statue
D:5 1 runed translucent door, Eustachio; FishyPogo's ghost, novice GnWr


Innate Abilities, Weirdness & Mutations

You cannot wear boots.
Your serpentine skin is tough. (AC +2)
You have supernaturally acute eyesight. (SInv)
Armour fits poorly on your strangely shaped body.
Your system is resistant to poisons. (rPois)
You cover ground very slowly.
You have a slow metabolism.
You can spit poison.


Message History

The phantom hits you but does no damage.
The ogre hits you with a +0 giant club!
* * * LOW HITPOINT WARNING * * *
Unknown command.
Okay, then.
Okay, then.
Here: a phantom (almost destroyed)
The floor.
You fade into invisibility!
The phantom hits you.
* * * LOW HITPOINT WARNING * * *
The worker ant bites you but does no damage.
You feel better.
The phantom hits you but does no damage.
The ogre closely misses you. The worker ant bites you.
* * * LOW HITPOINT WARNING * * *
You hit the ogre. The phantom closely misses you.
The worker ant closely misses you.
The ogre hits you with a +0 giant club!!
You die...

#a.........#.....#
#..#......###....##
# ##. ###...##
##....##.# . #..
#..## ##......#
..###.. #..#
##...... .......
#..# #.#####.
#....####.## ##.# .
#...)..Oa# ##.## .
#....##)..@.# #..#
#. ..o
####.W..####.###
##.# .
##..........###..#
...............##
.##..<...##.....# #
##....####.....
##...# #..####
##..##..## #
.......


You could see a phantom, an ogre and a worker ant.

Vanquished Creatures
  A phantom (D:5)
  A scorpion (D:5)
  A howler monkey (D:5)
  A crimson imp (D:6)
  A jelly (D:6)
  2 orc priests
  3 iguanas (D:4)
  A worker ant (D:5)
  Natasha (thrice) (D:2)
  2 orc wizards
  2 hound skeletons (D:5)
  5 adders
  2 adder skeletons (D:4)
  2 worms
  3 dart slugs
  13 orcs
  2 giant cockroaches (D:1)
  6 goblins
  5 hobgoblins
  6 kobolds
  2 quokkas
  7 bats
  3 frilled lizards
  A jackal zombie (D:6)
  3 rats
78 creatures vanquished.

Vanquished Creatures (others)
  A withered plant (D:5)
1 creature vanquished.

Grand Total: 79 creatures vanquished

Notes
Turn   | Place    | Note
-------+----------+-------------------------------------------
     0 | D:1      | Goreval the Naga Enchanter began the quest for the Orb.
     0 | D:1      | Reached XP level 1. HP: 15/15 MP: 3/3
    97 | D:1      | Reached XP level 2. HP: 6/22 MP: 5/5
   106 | D:1      | Learned a level 2 spell: Ensorcelled Hibernation
   831 | D:1      | Reached skill level 5 in Stealth
   927 | D:2      | Found a white marble altar of Elyvilon.
  1318 | D:2      | Noticed Natasha
  1322 | D:2      | Killed Natasha
  1322 | D:2      | Reached XP level 3. HP: 19/30 MP: 3/6
  1819 | D:2      | Noticed Natasha
  1822 | D:2      | Killed Natasha
  1822 | D:2      | Reached XP level 4. HP: 37/37 MP: 2/7
  1830 | D:2      | Learned a level 3 spell: Confuse
  1885 | D:2      | Noticed Natasha
  1896 | D:2      | Killed Natasha
  1896 | D:2      | Reached skill level 1 in Fighting
  1972 | D:2      | Reached skill level 6 in Stealth
  2001 | D:2      | Reached XP level 5. HP: 44/44 MP: 1/8
  2824 | D:3      | Found a bloodstained altar of Trog.
  3002 | D:3      | Paralysed by a goblin for 2 turns
  3113 | D:3      | Reached XP level 6. HP: 52/52 MP: 4/9
  3118 | D:3      | Learned a level 3 spell: Dazzling Spray
  3190 | D:3      | Reached skill level 7 in Stealth
  3927 | D:4      | Found a radiant altar of Vehumet.
  4101 | D:4      | Found a shimmering blue altar of Sif Muna.
  4192 | D:5      | Entered Level 5 of the Dungeon
  4231 | D:5      | Noticed Eustachio
  4300 | D:5      | Found a runed translucent door.
  4304 | D:5      | Noticed FishyPogo's ghost (novice GnWr)
  4319 | D:5      | Found a staircase to the Ecumenical Temple.
  4360 | Temple   | Entered the Ecumenical Temple
  4365 | Temple   | Became a worshipper of the Wu Jian Council
  4546 | D:5      | Noticed a phantom
  4601 | D:5      | Killed a phantom
  4601 | D:5      | Reached XP level 7. HP: 40/61 MP: 6/10
  5504 | D:6      | HP: 3/61 [phantom (5)]
  5506 | D:6      | Mangled by an ogre

Levels and vault maps discovered:
D:1:      scummos_arrival_star, layout_rooms
D:2:      cheibrodos_pilgrimage, layout_basic, elyvilon_altar_5, first_ration,
          uniq_natasha
D:3:      layout_basic, lemuel_doored_altar
D:4:      layout_cave_pools, led_sif_book, vehumet_statue, chequers_mini_garden
D:5:      layout_cave_pods, minmay_temple_entry_mini_moons,
          gammafunk_ghost_grave, uniq_eustachio
D:6:      layout_layer_cave, lemuel_crystal_altar, uniq_pikel, uniq_sigmund
Temple:   minmay_freezing_vapour_temple

Skill      XL: |  1  2  3  4  5  6 |
---------------+-------------------+-----
Dodging        | 2 |  2.0
Stealth        | 5 6 7 |  7.9
Short Blades   | 2 3 4 |  4.4
Fighting       | 1 2 |  2.6
Hexes          | 4 |  4.7
Spellcasting   | |  2.4

Action                   |  1- 3 |  4- 6 |  7- 9 || total
-------------------------+-------+-------+-------++-------
Melee: Dagger            |    76 |   174 |    41 ||   291
Throw: Stone             |       |     8 |       ||     8
 Cast: Ensorcelled Hiber |    12 |    22 |     2 ||    36
       Confuse           |       |     3 |     4 ||     7
       Dazzling Spray    |       |     2 |     1 ||     3
Invok: Lunge             |       |     8 |     4 ||    12
 Abil: Spit Poison       |     8 |     4 |     1 ||    13
Evoke: Wand              |       |       |     2 ||     2
  Use: Scroll            |       |    12 |       ||    12
       Potion            |       |       |     2 ||     2
 Stab: Sleeping          |     4 |    16 |     4 ||    24
       Confused          |       |     3 |     1 ||     4
       Distracted        |       |       |     1 ||     1
  Eat: Chunk             |     3 |     9 |       ||    12
       Ration            |       |       |     1 ||     1
Armor: Robe              |    13 |    20 |       ||    33
       Leather armour    |       |    29 |    16 ||    45
Dodge: Dodged            |    40 |    73 |    24 ||   137
